 Dungeon Crawl Stone Soup version 0.31-a0-366-ga77b45bd9b (webtiles) character file.

Game seed: 16816941854882984843

3122 AdnanSaban the Basher (level 9, -3/56 HPs)
             Began as a Gargoyle Fighter on July 28, 2023.
             Was an Initiate of Okawaru.
             Slain by a two-headed ogre
             ... wielding a +0 giant spiked club
              (24 damage)
             ... on level 7 of the Dungeon.
             The game lasted 00:09:29 (6818 turns).

AdnanSaban the Basher (Gargoyle Fighter)            Turns: 6818, Time: 00:09:30

Health: -3/56      AC: 24    Str: 23    XL:     9   Next: 91%
Magic:  9/9        EV:  9    Int: 10    God:    Okawaru [......]
Gold:   409        SH:  5    Dex:  9    Spells: 8/8 levels left

rFire   + . .        a - +0 flail
rCold   . . .        c - +0 buckler
rNeg    + . .        s - +4 chain mail
rPois   ∞            N - +2 hat
rElec   +            (no cloak)
rCorr   .            (no gloves)
SInv    .            J - +0 pair of boots
Will    .....        (no amulet) Stlth
                     b - ring of flight
HPRegen 0.29/turn    j - ring of protection from fire
MPRegen 0.11/turn

%: no passive effects
@: flying
A: sickness immunity, AC +6, negative energy resistance 1, electricity
resistance, torment resistance 1, petrification resistance
a: Renounce Religion


You were on level 7 of the Dungeon.
You worshipped Okawaru.
Okawaru was noncommittal.
You visited 2 branches of the dungeon, and saw 9 of its levels.

You collected 409 gold pieces.

Inventory:

Hand Weapons
 a - a +0 flail (weapon)
Missiles
 x - 3 javelins
 y - 13 poisoned darts (quivered)
 M - 2 boomerangs
Armour
 c - a +0 buckler (worn)
 s - a +4 chain mail (worn)
 J - a +0 pair of boots (worn)
 N - a +2 hat (worn)
Jewellery
 b - a ring of flight (left hand)
 j - a ring of protection from fire (right hand)
 F - a ring of protection from cold
 I - a +5 ring of evasion
 K - the ring "Asops" {*Slow Dex+6 Slay+4}
   (You found it on level 6 of the Dungeon)

   [ring of slaying]

   Dex:       It affects your dexterity (+6).
   Slay:      It affects your accuracy & damage with ranged weapons and melee
   (+4).
   *Slow:     It may slow you when you take damage.
Wands
 z - a wand of charming (18)
 H - a wand of iceblast (11)
 L - a wand of flame (3)
Scrolls
 f - 3 scrolls of amnesia {unknown}
 h - 4 scrolls of blinking {unknown}
 i - a scroll of revelation {unknown}
 k - 4 scrolls of identify {unknown}
 o - a scroll of poison {unknown}
 q - 2 scrolls of teleportation {unknown}
 r - 3 scrolls of fog {unknown}
 u - 2 scrolls of summoning {unknown}
 A - a scroll of torment {unknown}
 B - a scroll of noise {unknown}
 D - a scroll of enchant weapon {unknown}
Potions
 d - 5 potions of might
 e - a potion of curing {unknown}
 g - 3 potions of invisibility {unknown}
 l - 4 potions of haste {unknown}
 m - 3 potions of enlightenment {unknown}
 p - 2 potions of heal wounds {unknown}
 t - a potion of cancellation {unknown}
 v - 4 potions of brilliance {unknown}
 w - 2 potions of lignification {unknown}
 C - a potion of mutation {unknown}
 E - a potion of degeneration {unknown}
 G - 2 potions of ambrosia {unknown}


   Skills:
 + Level 6.6 Fighting
 + Level 9.0 Maces & Flails
 + Level 1.4 Throwing
 + Level 7.4 Armour
 + Level 2.8 Dodging
 + Level 6.2 Shields


You had 8 spell levels left.
You didn't know any spells.
Your spell library contained the following spells:

 Spells                   Type           Power      Damage    Failure   Level
 Blink                    Tloc           0%         N/A       98%         2
 Lesser Beckoning         Tloc           0%         N/A       98%         2
 Momentum Strike          Conj/Tloc      0%         3d8       98%         2
 Irradiate                Conj/Tmut      0%         3d11      100%        5
 Eringya's Noxious Bog    Tmut/Pois      0%         4d6       100%        6
 Spellforged Servitor     Conj/Summ      Unusable   N/A       N/A         7

Dungeon Overview and Level Annotations

Branches:
Dungeon (8/15)             Temple (1/1) D:7
   Lair: D:8-11

Altars:
Ashenzari
Cheibriados
Dithmenos
Elyvilon
Fedhas
Gozag
Hepliaklqana
Kikubaaqudgha
Makhleb
Nemelex Xobeh
Okawaru
Qazlal
Ru
Sif Muna
Trog
Uskayaw
Vehumet
Wu Jian
Xom
Yredelemnul
Zin
The Shining One

Shops:
D:1 ?   D:6 !(

Annotations:
D:6 2 transporters, hackon's ghost, novice OgFE


Innate Abilities, Weirdness & Mutations

You are immune to sickness and miasma.
Your stone body is resilient. (AC +6)
You are immune to poison.
You resist negative energy. (rN+)
You are resistant to electric shocks. (rElec)
You are resistant to unholy torment.
You are immune to petrification.


Message History

The two-headed ogre is lightly wounded.
You throw a poisoned dart.
The poisoned dart hits the two-headed ogre.
The two-headed ogre looks as sick as possible!
The two-headed ogre is lightly wounded.
You throw a poisoned dart.
The poisoned dart hits the two-headed ogre.
The two-headed ogre looks as sick as possible!
The two-headed ogre is lightly wounded.
You hit the two-headed ogre but do no damage.
The two-headed ogre is lightly wounded.
The two-headed ogre barely misses you.
The two-headed ogre hits you with a +0 giant club!
You sock the two-headed ogre!
The two-headed ogre is moderately wounded.
The two-headed ogre hits you with a +0 giant spiked club!
The two-headed ogre hits you but does no damage.
You hit the two-headed ogre but do no damage.
The two-headed ogre is moderately wounded.
The two-headed ogre closely misses you. You block the two-headed ogre's attack.
You hit the two-headed ogre.
The two-headed ogre is heavily wounded.
You hit the two-headed ogre.
The two-headed ogre is heavily wounded.
The two-headed ogre barely misses you.
The two-headed ogre hits you but does no damage.
You thump the two-headed ogre!
The two-headed ogre is almost dead.
The two-headed ogre hits you with a +0 giant spiked club!
The two-headed ogre hits you but does no damage.
You are too injured to fight recklessly!
You barely miss the two-headed ogre.
The two-headed ogre is almost dead.
The two-headed ogre attacks as you move away!
The two-headed ogre hits you but does no damage.
The two-headed ogre barely misses you.
You hit the two-headed ogre but do no damage.
The two-headed ogre is almost dead.
The two-headed ogre hits you with a +0 giant spiked club!!
You die...

##.<(...)...#........###....[ ##
##.O........#.........#...... .#
#.....(...................... .##
##....................##..... ..#
#.......(..............#.....
.####...#.#..(...................
.# #...####........#.#....##.....
####...........O...#.............
................@..#.............
..................#...#..........
#......#..........[<.##..........
.....>.............####..#.......
.#...............#..#..(###......
....#............#..##.## #......
....#...........##..##.####...##.
...........#.........#...##.....#
...........#.....................


You could see a two-headed ogre (very poisoned).

Vanquished Creatures
  A kobold demonologist (D:8)
  Sigmund (D:4)
  A wraith (D:6)
  2 water moccasins
  A sky beast (D:7)
  A black bear (D:6)
  3 orc warriors
  2 centaurs
  2 phantoms
  2 kobold brigands
  Blork the orc (D:5)
  A gnoll sergeant (D:6)
  4 scorpions
  A killer bee (D:8)
  4 howler monkeys
  3 hounds
  2 jellies (D:4)
  2 orc priests
  3 sleepcaps
  Ijyb (D:4)
  4 iguanas
  9 orc wizards
  3 gnolls (D:6)
  6 adders
  4 worms
  2 dart slugs
  38 orcs
  5 bats
  7 endoplasms
  6 giant cockroaches
  3 goblins
  11 hobgoblins
  3 jackals (D:1)
  6 quokkas
  6 ball pythons
  3 frilled lizards
  15 kobolds
  5 rats
174 creatures vanquished.

Vanquished Creatures (others)
  An orc wizard (D:6)
1 creature vanquished.

Grand Total: 175 creatures vanquished

Notes
Turn   | Place    | Note
-------+----------+-------------------------------------------
     0 | D:1      | AdnanSaban the Gargoyle Fighter began the quest for the
                  | Orb.
     0 | D:1      | Reached XP level 1. HP: 14/14 MP: 1/1
    67 | D:1      | Reached XP level 2. HP: 12/19 MP: 2/2
   122 | D:1      | Found Urhaaklo's Magic Scroll Boutique.
   386 | D:1      | Reached XP level 3. HP: 23/23 MP: 3/3
  1113 | D:2      | Reached XP level 4. HP: 23/28 MP: 4/4
  1617 | D:3      | Reached skill level 3 in Maces & Flails
  1618 | D:3      | Reached skill level 1 in Dodging
  1630 | D:3      | Reached XP level 5. HP: 33/33 MP: 5/5
  2228 | D:4      | Noticed Sigmund
  2242 | D:4      | Killed Sigmund
  2243 | D:4      | Reached skill level 4 in Maces & Flails
  2243 | D:4      | Reached XP level 6. HP: 25/38 MP: 6/6
  2375 | D:4      | Noticed Ijyb
  2389 | D:4      | Killed Ijyb
  2537 | D:4      | Reached XP level 7. HP: 34/43 MP: 7/7
  2605 | D:4      | Reached skill level 5 in Maces & Flails
  3026 | D:4      | Got the Directory of Inconstant Assembling
  3112 | D:5      | Entered Level 5 of the Dungeon
  3176 | D:5      | Reached skill level 5 in Armour
  3416 | D:5      | Reached skill level 1 in Throwing
  3460 | D:5      | Reached XP level 8. HP: 20/48 MP: 8/8
  3504 | D:5      | Reached skill level 5 in Fighting
  3504 | D:5      | Reached skill level 6 in Maces & Flails
  3972 | D:5      | Noticed Blork the orc
  3979 | D:5      | Killed Blork the orc
  3980 | D:5      | Reached skill level 5 in Shields
  4055 | D:5      | Found an ancient bone altar of Kikubaaqudgha.
  4336 | D:6      | Noticed a wraith
  4521 | D:6      | Found a transporter.
  4526 | D:6      | Found a transporter.
  4526 | D:6      | Noticed hackon's ghost (novice OgFE)
  4552 | D:6      | Found Uxoteler's Distillery.
  4632 | D:6      | Reached skill level 7 in Maces & Flails
  4715 | D:6      | Identified the ring "Asops" {*Slow Dex+6 Slay+4}
  4826 | D:6      | Found Inenul's Weapon Shop.
  4916 | D:7      | Reached XP level 9. HP: 37/55 MP: 9/9
  5312 | D:6      | Reached skill level 8 in Maces & Flails
  5681 | D:7      | Found a staircase to the Ecumenical Temple.
  5720 | Temple   | Entered the Ecumenical Temple
  5803 | Temple   | Became a worshipper of Warmaster Okawaru
  5844 | D:7      | Found a glowing golden altar of the Shining One.
  6382 | D:8      | Noticed a kobold demonologist
  6391 | D:8      | Noticed a sixfirhy
  6396 | D:8      | Killed a kobold demonologist
  6414 | D:8      | Reached skill level 9 in Maces & Flails
  6478 | D:8      | Noticed a two-headed ogre
  6494 | D:8      | Noticed a tengu warrior
  6818 | D:7      | Slain by a two-headed ogre

Illustrated notes

Levels and vault maps discovered:
D:1:      erik_arrival_blinker_ship, layout_loops_ring, serial_shops, shop
D:2:      layout_loops_cross
D:3:      layout_rooms
D:4:      layout_basic, serial_aquarium, aquarium_bridge_square
          [aquarium_subvault_bridge, aquarium_subvault_bridge,
          aquarium_subvault_wall, aquarium_subvault_bridge],
          aquarium_window_fake, aquarium_window_corner, aquarium_window_1,
          aquarium_view_2b, aquarium_view_2a, aquarium_pool_split,
          nicolae_kite_square_tiling_tiny, kennysheep_generic_room_13,
          uniq_sigmund, uniq_ijyb
D:5:      layout_loops_corners, mainiacjoe_overflow_surrounded_room,
          minmay_circle_x, uniq_blork_the_orc
D:6:      layout_basic, serial_shops, nicolae_shop_back_alley_shop, shop,
          gup_sewer_entry_bubbles, gammafunk_ghost_arena, dk_noncrumbling_3
D:7:      layout_cave_pools, mainiacjoe_overflow_boulevard,
          minmay_temple_entry_proselytizer
D:8:      minmay_the_grid_plus_closed [minmay_the_grid_embedded,
          minmay_the_grid_mess, minmay_the_grid_tree,
          minmay_the_grid_pillar_ring, minmay_the_grid_prize_shrinking_boxes],
          layout_basic
Temple:   mainiacjoe_temple_cubbyholes

Skill      XL: |  1  2  3  4  5  6  7  8  9 |
---------------+----------------------------+-----
Maces & Flails | 3 4 5 7 9 |  9.0
Armour         | 4 5 6 7 |  7.4
Dodging        | 1 2 |  2.8
Shields        | 4 5 6 |  6.2
Fighting       | 4 5 6 |  6.6
Throwing       | 1 |  1.4

Action                     |  1- 3 |  4- 6 |  7- 9 || total
---------------------------+-------+-------+-------++-------
  Melee: Flail             |   136 |   181 |   552 ||   869
  Throw: Dart              |       |     5 |     8 ||    13
         Boomerang         |       |       |     5 ||     5
 Armour: Scale mail        |    96 |    19 |       ||   115
         Chain mail        |       |   120 |   450 ||   570
  Dodge: Dodged            |    92 |    79 |   263 ||   434
  Block: Buckler           |    42 |    52 |   116 ||   210

Table legend: (Time is in decaauts)
 A = Elapsed time spent in this place.
 B = Non-inter-level travel time spent in this place.
 C = Inter-level travel time spent in this place.
 D = Time resting spent in this place.
 E = Time spent auto-exploring this place.
 F = Levels seen in this place.
 G = Mean time per level.
                   A        B        C        D        E       F      G
               +--------+--------+--------+--------+--------+-----+--------+
         Total |   6956 |   6381 |    575 |    225 |   4354 |   9 |  772.9 |
       Dungeon |   6834 |   6331 |    503 |    225 |   4309 |   8 |  854.2 |
        Temple |    122 |     50 |     72 |      0 |     45 |   1 |  122.0 |
               +--------+--------+--------+--------+--------+-----+--------+

Top non-repeatable levels by time:
     D:5: 1273 daAuts
     D:6: 1210 daAuts
     D:4: 1050 daAuts
     D:1: 854 daAuts
     D:7: 805 daAuts
     D:2: 747 daAuts
     D:3: 594 daAuts
     D:8: 297 daAuts
  Temple: 122 daAuts
